[Event "December 5 Early 2023"]
[Site "https://www.chess.com"]
[Date "2023.12.05"]
[Round "5"]
[White "Mgeladze, Tamaz"]
[Black "Kruckenhauser, Arthur"]
[Result "0-1"]
[Board "79"]
[TimeControl "180+1"]
[WhiteFideId "13601202"]
[BlackFideId "1642812"]
[WhiteElo "2666"]
[BlackElo "2490"]
[WhiteTeam "GEO"]
[BlackTeam "AUT"]
[WhiteClock "0:00:26"]
[BlackClock "0:00:01"]

1. c4 e6 2. Nf3 Nf6 3. g3 d5 4. Bg2 dxc4 5. O-O Be7 6. Na3 Bxa3 7. Qa4+ Nc6 8. Qxa3 Qe7 9. Qa4 O-O 10. Qxc4 e5 11. d3 Be6 12. Qb5 Bd5 13. e4 a6 14. Qa4 Be6 15. Be3 Rfd8 16. Rfd1 Bd7 17. Qb3 b5 18. h3 Be6 19. Qc2 Nd4 20. Nxd4 exd4 21. Bg5 h6 22. Bxf6 gxf6 23. Rac1 Rac8 24. Qc5 Qd7 25. Kh2 Qd6 26. b4 Bxa2 27. Qh5 Kg7 28. Rc5 Re8 29. f4 Be6 30. Rdc1 Bd7 31. Bf3 c6 32. Bg4 Re7 33. Bxd7 Qxd7 34. Rf5 Re6 35. Rcc5 a5 36. bxa5 Qa7 37. Qg4+ Kf8 38. Qh4 Qxa5 39. Qxh6+ Ke7 40. h4 Qd2+ 41. Kh3 Qd1 42. Qg7 Qh1+ 43. Kg4 Qd1+ 44. Kh3 b4 45. e5 Qh1+ 46. Kg4 Qd1+ 47. Kh3 b3 48. exf6+ Kd6 49. Rfe5 Qh1+ 50. Kg4 Qd1+ 51. Kh3 Qh1+ 52. Kg4 Qd1+ 53. Kf5 Qh5+ 54. Qg5 Qh7+ 55. Kg4 Rg8 56. Rxe6+ fxe6 57. f7 Rxg5+ 58. fxg5 Qxf7 59. Rc1 Qf5+ 60. Kh5 Qxd3 61. g6 Qf5+ 62. Kh6 b2 63. Re1 b1=Q 64. Rxb1 Qxb1 65. g7 Qb8 66. Kh7 d3 67. g8=Q Qxg8+ 68. Kxg8 d2 69. h5 d1=Q 70. h6 Qh5 71. h7 Ke5 72. h8=Q+ Qxh8+ 73. Kxh8 Kf5 74. g4+ Kxg4 75. Kg7 c5 76. Kf6 c4 77. Ke5 c3 78. Kxe6 c2 79. Ke5 c1=Q 80. Kd4 Qf4+ 81. Kd3 Kf5 82. Ke2 Qe4+ 83. Kd1 Kf4 84. Kc1 Qg2 85. Kd1 Ke3 86. Ke1 Qh1# 0-1

[Event "December 5 Early 2023"]
[Site "https://www.chess.com"]
[Date "2023.12.05"]
[Round "5"]
[White "Shyam, Sundar M."]
[Black "Ljukin, Sergei"]
[Result "1-0"]
[Board "80"]
[TimeControl "180+1"]
[WhiteFideId "5019141"]
[BlackFideId "14102200"]
[WhiteElo "2664"]
[BlackElo "2475"]
[WhiteTeam "IND"]
[BlackTeam "UKR"]
[WhiteClock "0:00:23"]
[BlackClock "0:00:00"]

1. d4 d5 2. Bf4 Nf6 3. e3 c5 4. Nc3 a6 5. dxc5 Nc6 6. Nf3 e6 7. Na4 Nd7 8. Qd2 Nxc5 9. Nxc5 Bxc5 10. O-O-O O-O 11. Bd3 Qe7 12. Ne5 f6 13. Nxc6 bxc6 14. e4 e5 15. Bg3 Be6 16. f4 d4 17. fxe5 fxe5 18. Qa5 Rfe8 19. Qa4 Bd6 20. Bc4 Rab8 21. a3 Qg5+ 22. Kb1 Kh8 23. Bxe6 Rxe6 24. Rhf1 Re7 25. Qxc6 Bxa3 26. b3 h6 27. Rf5 Qg4 28. Rdf1 Qe2 29. Qd5 Reb7 30. R5f2 Qg4 31. Bxe5 Rc8 32. Qxb7 1-0

[Event "December 5 Early 2023"]
[Site "https://www.chess.com"]
[Date "2023.12.05"]
[Round "5"]
[White "Prohaszka, Peter"]
[Black "Jovic, Stanoje"]
[Result "1-0"]
[Board "81"]
[TimeControl "180+1"]
[WhiteFideId "726265"]
[BlackFideId "905020"]
[WhiteElo "2658"]
[BlackElo "2466"]
[WhiteTeam "HUN"]
[BlackTeam "SRB"]
[WhiteClock "0:00:12"]
[BlackClock "0:00:00"]

1. e4 c6 2. d4 d5 3. exd5 cxd5 4. Bd3 Nc6 5. c3 g6 6. Nf3 Nh6 7. O-O f6 8. Re1 Nf7 9. c4 dxc4 10. Bxc4 Bg7 11. d5 Nce5 12. Nxe5 Nxe5 13. d6 e6 14. Bb3 O-O 15. Bf4 Bd7 16. Nc3 Rc8 17. Qe2 a6 18. Rad1 b5 19. Bxe5 fxe5 20. Ne4 Qb6 21. Qg4 Rf5 22. Re2 a5 23. a3 a4 24. Ba2 Bf8 25. Ng3 Rf6 26. h4 Kf7 27. Ne4 Rf4 28. Bxe6+ Kg7 29. Bxd7 Rxg4 30. Bxc8 Rxh4 31. d7 Be7 32. g3 Rh5 33. Red2 Bd8 34. Rd5 Rf5 35. R1d2 b4 36. Nc5 bxa3 37. bxa3 Qb1+ 38. Kg2 e4 39. Rxf5 gxf5 40. Ne6+ Kf6 41. Nxd8 e3 42. Rd6+ Kg7 43. Ne6+ Kf7 44. Ng5+ Kg7 45. d8=Q exf2 46. Qe7+ 1-0

[Event "December 5 Early 2023"]
[Site "https://www.chess.com"]
[Date "2023.12.05"]
[Round "5"]
[White "Feuerstack, Aljoscha"]
[Black "Mestnikov, Aisen"]
[Result "1-0"]
[Board "82"]
[TimeControl "180+1"]
[WhiteFideId "4681932"]
[BlackFideId "34130117"]
[WhiteElo "2656"]
[BlackElo "2459"]
[WhiteTeam "GER"]
[BlackTeam "RUS"]
[WhiteClock "0:00:35"]
[BlackClock "0:00:03"]

1. e4 e5 2. Bc4 Nc6 3. Nc3 Bc5 4. Qg4 g6 5. Qg3 Nf6 6. d3 d6 7. Bg5 h6 8. Qh4 hxg5 9. Qxh8+ Ke7 10. Qxd8+ Nxd8 11. Na4 Bb4+ 12. c3 Ba5 13. b4 Bd7 14. bxa5 Bxa4 15. Nf3 g4 16. Nd2 Bd7 17. Rb1 a6 18. Nf1 Ra7 19. Bd5 Bc6 20. Ne3 Bd7 21. Ke2 c6 22. Bc4 Ne6 23. Bxe6 Bxe6 24. Rb2 Kd7 25. c4 Kc7 26. Rc1 Ra8 27. Nd5+ Bxd5 28. cxd5 c5 29. Rcb1 Rb8 30. Rf1 Rh8 31. Rfb1 Rb8 32. f3 gxf3+ 33. Kxf3 Nh5 34. g3 Nf6 35. h4 Nd7 36. g4 c4 37. Rc1 Nc5 38. Rxc4 Kd7 39. Ke3 Rh8 40. Rh2 Ke7 41. h5 g5 42. Rb2 Kf6 43. Rxc5 dxc5 44. Rb6+ Kg7 45. Rxb7 Rc8 46. Rb6 c4 47. Rc6 Rb8 48. Rxc4 Rb5 49. d6 Rb7 50. Rc7 Rb8 51. d7 Rd8 52. d4 Kf6 53. h6 Kg6 54. dxe5 Kxh6 55. Kd4 Kg6 56. Kd5 Kg7 57. Kd6 f6 58. e6 Kf8 59. e7+ Kg7 60. exd8=Q f5 61. Qxg5+ Kf7 62. d8=Q# 1-0

[Event "December 5 Early 2023"]
[Site "https://www.chess.com"]
[Date "2023.12.05"]
[Round "5"]
[White "Banzea, Alexandru-Bogdan"]
[Black "Latorre, Vincent"]
[Result "1-0"]
[Board "83"]
[TimeControl "180+1"]
[WhiteFideId "1232622"]
[BlackFideId "2636891"]
[WhiteElo "2650"]
[BlackElo "2443"]
[WhiteTeam "ROU"]
[BlackTeam "CAN"]
[WhiteClock "0:01:41"]
[BlackClock "0:01:16"]

1. d4 Nf6 2. Nc3 d5 3. Bf4 c5 4. e3 cxd4 5. exd4 a6 6. Bd3 Nc6 7. Nge2 g6 8. Qd2 Bg7 9. f3 Nb4 10. Nc1 O-O 11. a3 Nxd3+ 12. Nxd3 Ne8 13. Bh6 Nd6 14. Bxg7 Kxg7 15. O-O-O Nc4 16. Qf4 Bf5 17. h4 e6 18. Ne5 Nxe5 19. dxe5 h6 20. g4 g5 21. hxg5 hxg5 22. gxf5 1-0

[Event "December 5 Early 2023"]
[Site "https://www.chess.com"]
[Date "2023.12.05"]
[Round "5"]
[White "Spichkin, Alexander"]
[Black "Malyi, Viacheslav"]
[Result "0-1"]
[Board "84"]
[TimeControl "180+1"]
[WhiteFideId "4144074"]
[BlackFideId "14123983"]
[WhiteElo "2375"]
[BlackElo "2578"]
[WhiteTeam "RUS"]
[BlackTeam "UKR"]
[WhiteClock "0:02:00"]
[BlackClock "0:01:38"]

1. f4 d5 2. Nf3 Nf6 3. e3 Bg4 4. h3 Bxf3 5. Qxf3 Nbd7 6. c4 c6 7. cxd5 cxd5 8. Nc3 e6 9. Bd3 Nc5 10. Bc2 Be7 11. d4 Ncd7 12. O-O O-O 13. Bd2 Rc8 14. Rac1 a6 15. Be1 Bb4 16. Bh4 Bxc3 17. bxc3 Rxc3 18. Bxh7+ Kxh7 19. Rxc3 Qa5 20. Rb3 b5 21. a3 Rc8 22. f5 Rc3 23. Rxc3 Qxc3 24. fxe6 fxe6 25. Bxf6 Nxf6 26. Qf4 Qxa3 27. Rc1 Qxc1+ 0-1

[Event "December 5 Early 2023"]
[Site "https://www.chess.com"]
[Date "2023.12.05"]
[Round "5"]
[White "Nihal Sarin"]
[Black "Dmitrenko, Viktor"]
[Result "1-0"]
[Board "85"]
[TimeControl "180+1"]
[WhiteFideId "25092340"]
[BlackFideId "14110270"]
[WhiteElo "3105"]
[BlackElo "2401"]
[WhiteTeam "IND"]
[BlackTeam "UKR"]
[WhiteClock "0:02:16"]
[BlackClock "0:00:14"]

1. e4 e6 2. d4 d5 3. Nd2 Nf6 4. e5 Nfd7 5. Bd3 c5 6. c3 Nc6 7. Ngf3 cxd4 8. cxd4 Nb6 9. O-O Bd7 10. a3 Be7 11. Re1 a5 12. Nf1 a4 13. Ng3 g6 14. Bh6 Na5 15. Rc1 Nbc4 16. Qe2 Qb6 17. Rc2 Bf8 18. Bxf8 Kxf8 19. h4 Kg7 20. h5 Nb3 21. Bxc4 dxc4 22. Qe3 Rhc8 23. Ne4 h6 24. Nd6 Bc6 25. Qf4 Rf8 26. Qf6+ 1-0

[Event "December 5 Early 2023"]
[Site "https://www.chess.com"]
[Date "2023.12.05"]
[Round "5"]
[White "Eugene, Floryan"]
[Black "Shuvalova, Polina"]
[Result "0-1"]
[Board "86"]
[TimeControl "180+1"]
[WhiteFideId "20694784"]
[BlackFideId "24171760"]
[WhiteElo "2519"]
[BlackElo "2848"]
[WhiteTeam "FRA"]
[BlackTeam "RUS"]
[WhiteClock "0:00:00"]
[BlackClock "0:00:50"]

1. d4 Nf6 2. c4 e6 3. g4 d5 4. g5 Nfd7 5. Bg2 Bb4+ 6. Kf1 c6 7. Nc3 dxc4 8. Bf4 Nb6 9. e4 Na6 10. Nf3 Be7 11. Qe2 Nb4 12. h4 Nd3 13. Bg3 c5 14. Rd1 cxd4 15. Nb5 O-O 16. Nc7 Rb8 17. b3 e5 18. bxc4 Qxc7 19. Qxd3 Bd6 20. Rc1 Nd7 21. h5 b5 22. g6 Nc5 23. Qe2 bxc4 24. Qxc4 Ba6 25. Qxa6 Nxa6 26. Rxc7 Nxc7 27. gxh7+ Kxh7 28. Ke2 f6 29. h6 g6 30. Rc1 Ne6 31. Bh3 Nc5 32. Nd2 Rb2 33. Kd1 Rxa2 34. f4 Kxh6 0-1

[Event "December 5 Early 2023"]
[Site "https://www.chess.com"]
[Date "2023.12.05"]
[Round "5"]
[White "Gharibyan, Mamikon"]
[Black "Slade, Theodore"]
[Result "1-0"]
[Board "87"]
[TimeControl "180+1"]
[WhiteFideId "13308300"]
[BlackFideId "426547"]
[WhiteElo "2814"]
[BlackElo "2518"]
[WhiteTeam "ARM"]
[BlackTeam "ENG"]
[WhiteClock "0:01:10"]
[BlackClock "0:01:42"]

1. e4 e5 2. Nf3 Nc6 3. Bb5 Nf6 4. d3 Bc5 5. Bxc6 dxc6 6. Nbd2 Be6 7. h3 Nd7 8. Nb3 Bb6 9. Ng5 Bxb3 10. axb3 Qe7 11. h4 f6 12. Nf3 Nc5 13. Nd2 O-O-O 14. Nc4 Kb8 15. Qe2 Ne6 16. Ra3 Nd4 17. Qd1 f5 18. Bg5 Qc5 19. Bxd8 Nb5 20. Nxb6 Nxa3 21. Nd7+ Kc8 22. Nxc5 Nxc2+ 23. Qxc2 Rxd8 24. exf5 1-0

[Event "December 5 Early 2023"]
[Site "https://www.chess.com"]
[Date "2023.12.05"]
[Round "5"]
[White "Molina, Roberto Junio Brito"]
[Black "Rietze, Clemens, Dr."]
[Result "1-0"]
[Board "88"]
[TimeControl "180+1"]
[WhiteFideId "2109450"]
[BlackFideId "24620351"]
[WhiteElo "2809"]
[BlackElo "2518"]
[WhiteTeam "BRA"]
[BlackTeam "GER"]
[WhiteClock "0:00:17"]
[BlackClock "0:00:06"]

1. e4 c6 2. d4 d5 3. exd5 cxd5 4. Bd3 Nc6 5. c3 Qc7 6. Ne2 Bg4 7. O-O e6 8. Qe1 Nf6 9. f3 Bh5 10. Qh4 Rg8 11. Nf4 Bg6 12. Nxg6 hxg6 13. Bf4 Bd6 14. Bxd6 Qxd6 15. Qg3 Qd7 16. Nd2 O-O-O 17. f4 Nh5 18. Qe3 Qc7 19. Rf2 Rh8 20. g3 Nf6 21. Re2 Rh5 22. Nf3 Ng4 23. Qd2 Rdh8 24. h4 Ne7 25. c4 dxc4 26. Bxc4 Kb8 27. Rc1 Qb6 28. Bd3 Nd5 29. Kg2 a6 30. a3 Ka8 31. b4 Rd8 32. Rc5 Rhh8 33. Qe1 Ne7 34. Rec2 Nc6 35. R2c4 Nf6 36. Ne5 Nxe5 37. fxe5 Nd5 38. Be4 Ka7 39. Bxd5 exd5 40. Rc3 Rc8 41. Rf3 Rxc5 42. dxc5 Qe6 43. Qe3 Ka8 44. Qf4 Re8 45. Qxf7 Qxe5 46. Qf4 Qe2+ 47. Rf2 Qe6 48. Qd6 Qe4+ 49. Kh2 d4 50. Rd2 Qe3 51. Qxd4 Qxa3 52. c6 bxc6 53. Qb6 Qf3 54. Qxa6+ Kb8 55. Qb6+ Kc8 56. Qa6+ Kb8 57. Qd3 Qxd3 58. Rxd3 Kc7 59. Rf3 Re2+ 60. Kh3 Rb2 61. Rf7+ Kb6 62. Rxg7 Rxb4 63. Rxg6 Kb5 64. h5 Rb1 65. g4 c5 66. Rg8 Rh1+ 67. Kg3 c4 68. Rc8 Kb4 69. Kf4 c3 70. Kg5 Kb3 71. Kh6 c2 72. g5 Kb2 73. g6 Rh3 74. Rxc2+ Kxc2 75. g7 Rg3 76. Kh7 Kd3 77. h6 Ke4 78. g8=Q Rxg8 79. Kxg8 1-0

[Event "December 5 Early 2023"]
[Site "https://www.chess.com"]
[Date "2023.12.05"]
[Round "5"]
[White "Urbina Perez, Juan Antonio"]
[Black "Damjanovic, Vuk"]
[Result "0-1"]
[Board "89"]
[TimeControl "180+1"]
[WhiteFideId "2217368"]
[BlackFideId "980021"]
[WhiteElo "2514"]
[BlackElo "2773"]
[WhiteTeam "ESP"]
[BlackTeam "SRB"]
[WhiteClock "0:00:01"]
[BlackClock "0:00:19"]

1. e4 e6 2. d4 c5 3. d5 exd5 4. exd5 d6 5. c4 Nd7 6. Nc3 Ne7 7. Nf3 Ng6 8. h4 Nge5 9. h5 Be7 10. h6 g6 11. Be2 O-O 12. Bf4 f5 13. Qd2 Bf6 14. O-O-O Nxf3 15. Bxf3 Ne5 16. Be2 a6 17. Kb1 b5 18. cxb5 axb5 19. Bxb5 Ba6 20. a4 Bxb5 21. axb5 Qa5 22. Bxe5 Bxe5 23. f4 Bd4 24. Rhe1 Ra7 25. Re3 Raa8 26. Rde1 Bxe3 27. Rxe3 Rfe8 28. Qe2 Kf7 29. Re6 Qb4 30. Qe3 Qd4 31. Qg3 Qg1+ 32. Kc2 Ra1 33. Rxe8 Kxe8 34. Qg5 Rc1+ 35. Kb3 Qd4 36. Qg3 c4+ 37. Ka2 Qa7+ 38. Na4 Qxa4+ 39. Qa3 Qb3+ 40. Qxb3 cxb3+ 41. Kxb3 Rc5 0-1

[Event "December 5 Early 2023"]
[Site "https://www.chess.com"]
[Date "2023.12.05"]
[Round "5"]
[White "Korchmar, Vasiliy"]
[Black "Andreev, Konstantin"]
[Result "0-1"]
[Board "90"]
[TimeControl "180+1"]
[WhiteFideId "24131750"]
[BlackFideId "24239305"]
[WhiteElo "2754"]
[BlackElo "2513"]
[WhiteTeam "RUS"]
[BlackTeam "ITA"]
[WhiteClock "0:00:00"]
[BlackClock "0:00:20"]

1. e4 c5 2. d4 cxd4 3. Qxd4 Nc6 4. Qd3 e6 5. Nc3 a6 6. Qg3 b5 7. Nf3 b4 8. Na4 Nf6 9. Bd3 d6 10. O-O Nh5 11. Qh3 Nf6 12. Qg3 Nh5 13. Qh3 Nf6 14. Bg5 Be7 15. Rad1 h6 16. e5 dxe5 17. Be4 Qc7 18. Bxf6 Bxf6 19. Nc5 O-O 20. g4 Be7 21. Nxe5 Bxc5 22. Nxc6 Bb7 23. Qg2 Kh8 24. g5 f5 25. gxf6 Rxf6 26. Kh1 Rc8 27. Ne5 Qxe5 28. Bxb7 Rcf8 29. f3 Rf5 30. Be4 Rg5 31. Qh3 Qxb2 32. Qxe6 a5 33. h4 Rh5 34. Qg6 Rxh4+ 35. Kg2 Rxe4 36. Qxe4 Qf6 37. Rd7 Bd6 38. Rd1 Bf4 39. R1d5 Qh4 0-1

[Event "December 5 Early 2023"]
[Site "https://www.chess.com"]
[Date "2023.12.05"]
[Round "5"]
[White "Fier, Alexandr"]
[Black "Shinkarev, M"]
[Result "1-0"]
[Board "91"]
[TimeControl "180+1"]
[WhiteFideId "2107139"]
[BlackFideId "4145348"]
[WhiteElo "2742"]
[BlackElo "2509"]
[WhiteTeam "BRA"]
[BlackTeam "RUS"]
[WhiteClock "0:01:37"]
[BlackClock "0:00:08"]

1. Nf3 d5 2. g3 g6 3. Bg2 Bg7 4. O-O Nf6 5. d3 O-O 6. Nc3 d4 7. Na4 Nc6 8. c4 dxc3 9. bxc3 e5 10. Rb1 Re8 11. c4 e4 12. Ne1 b6 13. Nc3 Bf5 14. Bg5 Qd4 15. Bxf6 Bxf6 16. Nxe4 Bxe4 17. Bxe4 Rxe4 18. dxe4 Qxc4 19. Qc2 Qe6 20. Nf3 Re8 21. Rfc1 Nd4 22. Nxd4 Bxd4 23. Qxc7 Qxe4 24. Rc2 a5 25. e3 Bc5 26. Rbc1 Re5 27. Rd2 Re6 28. Qd8+ Kg7 29. Qd5 Qg4 30. Rc4 Qf5 31. Qxf5 gxf5 32. a4 Kf6 33. Rd5 Kg6 34. Kg2 h5 35. Kf3 Rf6 36. h4 Re6 37. Rc3 Re4 38. Rcd3 Rxa4 39. Rd8 Re4 40. Rg8+ Kf6 41. Ra8 a4 42. Rd7 a3 43. Raa7 Be7 44. Rdb7 Re6 45. Ke2 Kg6 46. Rxe7 1-0

[Event "December 5 Early 2023"]
[Site "https://www.chess.com"]
[Date "2023.12.05"]
[Round "5"]
[White "Atakhan, Abtin"]
[Black "Rodriguez Fontecha, Marcos"]
[Result "1-0"]
[Board "92"]
[TimeControl "180+1"]
[WhiteFideId "22502203"]
[BlackFideId "2256576"]
[WhiteElo "2726"]
[BlackElo "2508"]
[WhiteTeam "IRI"]
[BlackTeam "ESP"]
[WhiteClock "0:01:19"]
[BlackClock "0:00:45"]

1. c4 c6 2. Nf3 d5 3. g3 Nf6 4. Bg2 g6 5. b3 Bg7 6. Bb2 O-O 7. O-O a6 8. d4 b5 9. Nbd2 Bb7 10. Ne5 Nbd7 11. Nd3 Re8 12. Qc2 Rc8 13. a4 bxc4 14. bxc4 c5 15. Qb3 dxc4 16. Qxb7 cxd3 17. Qxa6 dxe2 18. Qxe2 Qb6 19. Nc4 Qa6 20. Rfc1 cxd4 21. Bxd4 e5 22. Be3 Rc7 23. Qa2 Rec8 24. Bf1 Nd5 25. Nxe5 Bxe5 26. Bxa6 Bxa1 27. Bxc8 1-0

[Event "December 5 Early 2023"]
[Site "https://www.chess.com"]
[Date "2023.12.05"]
[Round "5"]
[White "Devaev, Alexander"]
[Black "Matinian, Nikita"]
[Result "1-0"]
[Board "93"]
[TimeControl "180+1"]
[WhiteFideId "4169395"]
[BlackFideId "24129100"]
[WhiteElo "2506"]
[BlackElo "2715"]
[WhiteTeam "RUS"]
[BlackTeam "FID"]
[WhiteClock "0:00:08"]
[BlackClock "0:00:00"]

1. d4 Nf6 2. c4 g6 3. Nc3 Bg7 4. e4 d6 5. Nf3 O-O 6. h3 e5 7. d5 Nh5 8. Nh2 Nf4 9. Be3 Na6 10. Qd2 f5 11. g3 fxe4 12. gxf4 exf4 13. Bxf4 Rxf4 14. Qxf4 Nb4 15. Qd2 Bf5 16. Ng4 Qh4 17. Ne3 Re8 18. O-O-O a5 19. Rg1 b6 20. Kb1 Rf8 21. Bg2 Nd3 22. Rdf1 Kh8 23. Ka1 a4 24. a3 Bd4 25. Ka2 Re8 26. Ned1 Bg7 27. Ne3 Qf6 28. Rb1 Qd4 29. Rgd1 Be5 30. Bxe4 Bxe4 31. Nxe4 Qxe4 32. Qxd3 Qf3 33. Rf1 Qxh3 34. Rh1 Qd7 35. Qxg6 Rg8 36. Qc2 Qf7 37. Rh6 Rg7 38. Rbh1 Bf4 39. Nf5 Bxh6 40. Nxh6 1-0

[Event "December 5 Early 2023"]
[Site "https://www.chess.com"]
[Date "2023.12.05"]
[Round "5"]
[White "Pourramezanali, Amirreza"]
[Black "Alikhanov, Felix"]
[Result "1-0"]
[Board "94"]
[TimeControl "180+1"]
[WhiteFideId "12511412"]
[BlackFideId "4157427"]
[WhiteElo "2707"]
[BlackElo "2504"]
[WhiteTeam "IRI"]
[BlackTeam "RUS"]
[WhiteClock "0:00:10"]
[BlackClock "0:00:03"]

1. e4 e6 2. d4 d5 3. e5 c5 4. c3 Nc6 5. Nf3 Qb6 6. Be2 cxd4 7. cxd4 Nge7 8. Nc3 Nf5 9. Na4 Bb4+ 10. Bd2 Qa5 11. Bc3 a6 12. a3 Bxc3+ 13. Nxc3 O-O 14. O-O Bd7 15. b4 Qd8 16. Rc1 f6 17. Bd3 fxe5 18. dxe5 Rc8 19. Re1 b5 20. Ne2 Qb6 21. Bxf5 Rxf5 22. Ned4 Nxd4 23. Rxc8+ Bxc8 24. Qxd4 Qc7 25. Qe3 Bd7 26. Nd4 Rf7 27. Rc1 Qb6 28. Rc5 Qd8 29. g3 h6 30. f4 Qf8 31. h4 Re7 32. Kh2 Qf7 33. Kh3 Qg6 34. Qf3 Rf7 35. Qd1 h5 36. Qe2 Rf8 37. Rc7 Be8 38. Qc2 Qg4+ 39. Kh2 Rxf4 40. Nxe6 Rc4 41. Rxc4 dxc4 42. Ng5 Bc6 43. Qh7+ Kf8 44. Qh8+ Ke7 45. Qxg7+ Kd8 46. Nf7+ Ke7 47. Qf6+ Ke8 48. Nd6+ Kd7 49. Qf7+ Kd8 50. Qf8+ Kd7 51. Qf5+ Qxf5 52. Nxf5 Ke6 53. Nd4+ Kxe5 54. Nxc6+ Ke4 55. g4 c3 56. Na5 c2 57. Nb3 hxg4 58. Kg3 Kd3 59. h5 Kc3 60. Nc1 Kb2 61. Ne2 Kxa3 62. h6 Kxb4 63. h7 Kb3 64. h8=Q b4 65. Qa1 Kc4 66. Qb2 b3 67. Nc1 1-0

[Event "December 5 Early 2023"]
[Site "https://www.chess.com"]
[Date "2023.12.05"]
[Round "5"]
[White "Aradhya, Garg"]
[Black "Narva, Mai"]
[Result "0-1"]
[Board "95"]
[TimeControl "180+1"]
[WhiteFideId "25006746"]
[BlackFideId "4500512"]
[WhiteElo "2707"]
[BlackElo "2502"]
[WhiteTeam "IND"]
[BlackTeam "EST"]
[WhiteClock "0:00:00"]
[BlackClock "0:00:06"]

1. d4 Nf6 2. c4 e6 3. Nf3 c5 4. d5 d6 5. Nc3 exd5 6. cxd5 g6 7. h3 Bg7 8. e4 O-O 9. Bd3 b5 10. Nxb5 Re8 11. O-O Nxe4 12. Re1 a6 13. Nc3 Nxc3 14. bxc3 Bxc3 15. Rxe8+ Qxe8 16. Rb1 Nd7 17. Qa4 Qd8 18. Bf4 Ne5 19. Bxe5 Bxe5 20. Nxe5 dxe5 21. Qc6 Bd7 22. Qxc5 Qg5 23. Kh1 Rc8 24. Qe3 Qxe3 25. fxe3 Rc3 26. Bxa6 Rxe3 27. Rb7 Bf5 28. d6 Re1+ 29. Kh2 Rd1 30. Rb6 Bd7 31. Bc4 e4 32. Kg3 Rd2 33. Kf4 Rxg2 34. Kxe4 Bxh3 35. Rb7 Rd2 36. Rxf7 Kh8 37. Ke5 h5 38. Rc7 h4 39. a4 Bf5 40. Bb5 h3 41. d7 h2 42. Bc6 Bxd7 43. Be4 Bf5 44. Bf3 Rf2 45. Ba8 Re2+ 46. Kf6 Ra2 47. Rc8+ Kh7 48. Rc7+ Kh6 49. Rc1 Rxa4 50. Bd5 Rh4 51. Rc7 Be4 52. Bxe4 Rxe4 53. Rc8 Rf4+ 54. Ke5 Rh4 55. Kf6 Kh5 56. Rh8+ Kg4 57. Rxh4+ Kxh4 58. Kxg6 h1=Q 0-1

[Event "December 5 Early 2023"]
[Site "https://www.chess.com"]
[Date "2023.12.05"]
[Round "5"]
[White "Kopczynski, Michal"]
[Black "Kozak, Antoni"]
[Result "0-1"]
[Board "96"]
[TimeControl "180+1"]
[WhiteFideId "1124200"]
[BlackFideId "21832030"]
[WhiteElo "2496"]
[BlackElo "2704"]
[WhiteTeam "POL"]
[BlackTeam "POL"]
[WhiteClock "0:00:03"]
[BlackClock "0:00:26"]

1. e4 g6 2. d4 Bg7 3. Nc3 a6 4. Bg5 b5 5. Qd2 Bb7 6. f3 Nc6 7. d5 Nd4 8. O-O-O c5 9. dxc6 dxc6 10. h4 Qa5 11. h5 O-O-O 12. Qf2 b4 13. Nb1 Qxa2 14. Rd3 Ne6 15. Rxd8+ Kxd8 16. Qb6+ Kc8 17. Qxb4 a5 18. Qb6 Bd4 19. Qb3 Qxb3 20. cxb3 Nxg5 21. Ne2 Be3+ 22. Kc2 Nf6 23. hxg6 fxg6 24. Na3 Ba6 25. Nc4 Bxc4 26. bxc4 Rd8 27. Nc3 Rd2+ 28. Kb3 Ne6 29. g3 Nd4+ 30. Ka4 Rxb2 31. e5 Nd7 32. Rxh7 Nc5+ 33. Kxa5 Bd2 34. Bh3+ Kb8 0-1

[Event "December 5 Early 2023"]
[Site "https://www.chess.com"]
[Date "2023.12.05"]
[Round "5"]
[White "Boyer, Mahel"]
[Black "Kovalevsky, Stanislav"]
[Result "1-0"]
[Board "98"]
[TimeControl "180+1"]
[WhiteFideId "45102422"]
[BlackFideId "13508598"]
[WhiteElo "2692"]
[BlackElo "2490"]
[WhiteTeam "FRA"]
[BlackTeam "FID"]
[WhiteClock "0:00:22"]
[BlackClock "0:00:19"]

1. e4 c6 2. c4 d5 3. cxd5 cxd5 4. exd5 Nf6 5. Nc3 Nxd5 6. Nf3 Nc6 7. Bc4 Nb6 8. Bb3 Bf5 9. d4 e6 10. O-O Be7 11. Qe2 Bg4 12. Rd1 O-O 13. h3 Bxf3 14. Qxf3 Nxd4 15. Qxb7 e5 16. Be3 Bf6 17. Ne4 g6 18. Rac1 Bg7 19. Rc7 Rb8 20. Qxa7 Nb5 21. Rxd8 Rfxd8 22. Rxf7 Nxa7 23. Rxa7+ Kh8 24. Ng5 Nd5 25. Nf7+ Kg8 26. Nxd8 Rxd8 27. Ra5 Kf7 28. Rxd5 Kf6 29. Rxd8 Ke7 30. Re8+ Kxe8 31. Bd5 Kd7 32. Be4 Kd6 33. b3 Bf8 34. Kf1 Ke6 35. Ke2 Bb4 36. Kd3 Bd6 37. f3 h5 38. a4 g5 39. Bd2 g4 40. fxg4 hxg4 41. hxg4 Be7 42. Bf5+ Kd5 43. Be4+ Kc5 44. Be3+ Kb4 45. g5 Kxb3 46. a5 Kb4 47. a6 Bc5 48. a7 Bxa7 49. Bxa7 Kb5 50. Be3 Kb4 51. g6 Kb3 52. g7 Kb2 53. g8=Q Kb1 54. Qb3+ 1-0

[Event "December 5 Early 2023"]
[Site "https://www.chess.com"]
[Date "2023.12.05"]
[Round "5"]
[White "Paltrinieri, Nicholas"]
[Black "Filali, Razzouki Marouane"]
[Result "1-0"]
[Board "99"]
[TimeControl "180+1"]
[WhiteFideId "828262"]
[BlackFideId "9003720"]
[WhiteElo "2691"]
[BlackElo "2487"]
[WhiteTeam "ITA"]
[BlackTeam "MAR"]
[WhiteClock "0:01:18"]
[BlackClock "0:00:24"]

1. d4 Nf6 2. Bf4 e6 3. e3 d5 4. Nd2 c5 5. c3 Nc6 6. Ngf3 Ne4 7. Bd3 f5 8. Ne5 g6 9. Nxc6 bxc6 10. Be5 Rg8 11. f3 Ng5 12. O-O Nf7 13. Bg3 Bd6 14. Qa4 Bd7 15. Bxd6 Nxd6 16. dxc5 Nf7 17. e4 Ne5 18. Bc2 f4 19. exd5 cxd5 20. Qxf4 Qc7 21. Rfe1 Qxc5+ 22. Kh1 Nc6 23. Nb3 Qf2 24. Bd3 Rf8 25. Qd6 Rxf3 26. Nc5 Rf7 27. Nxd7 Rd8 28. Bb5 1-0

[Event "December 5 Early 2023"]
[Site "https://www.chess.com"]
[Date "2023.12.05"]
[Round "5"]
[White "Tasev, Dejan"]
[Black "Buksa, Nataliya"]
[Result "1-0"]
[Board "100"]
[TimeControl "180+1"]
[WhiteFideId "936618"]
[BlackFideId "14123622"]
[WhiteElo "2661"]
[BlackElo "2487"]
[WhiteTeam "SRB"]
[BlackTeam "UKR"]
[WhiteClock "0:00:36"]
[BlackClock "0:02:00"]

1. e4 c5 2. Nf3 Nc6 3. Nc3 e5 4. Bc4 Be7 5. d3 d6 6. Nd2 Nf6 7. Nf1 O-O 8. Ne3 a6 9. a4 Nb4 10. Ned5 Be6 11. Nxe7+ Qxe7 12. Bg5 h6 13. Bh4 g5 14. Bg3 d5 15. exd5 Nbxd5 16. Nxd5 Bxd5 17. Bxd5 Nxd5 18. h4 Kg7 19. Qf3 Nf4 20. O-O-O b5 21. hxg5 hxg5 22. Bxf4 exf4 23. Qc6 Qf6 24. Rh7+ Kxh7 25. Qxf6 1-0

[Event "December 5 Early 2023"]
[Site "https://www.chess.com"]
[Date "2023.12.05"]
[Round "5"]
[White "Mazurkiewicz, Michal"]
[Black "Timerkhanov, Alexander"]
[Result "1-0"]
[Board "101"]
[TimeControl "180+1"]
[WhiteFideId "1124943"]
[BlackFideId "24177938"]
[WhiteElo "2483"]
[BlackElo "2657"]
[WhiteTeam "POL"]
[BlackTeam "RUS"]
[WhiteClock "0:00:11"]
[BlackClock "0:00:10"]

1. e4 c6 2. d3 d5 3. Nd2 g6 4. Ngf3 Bg7 5. g3 e5 6. Bg2 Ne7 7. O-O O-O 8. Re1 dxe4 9. dxe4 Be6 10. Qe2 h6 11. Nc4 Nd7 12. Rd1 Qc7 13. a4 f5 14. Nh4 f4 15. b3 g5 16. Ba3 c5 17. Nf5 Nxf5 18. exf5 Bxf5 19. Nd6 Bg6 20. Bxb7 Rab8 21. Be4 Bxe4 22. Qxe4 Nf6 23. Qc4+ Kh7 24. Qxc5 Qd7 25. Qxe5 fxg3 26. fxg3 Ng4 27. Qe4+ Kh8 28. Nc4 Qc8 29. Bxf8 Bxf8 30. Nd6 Qd8 31. Qxg4 Bxd6 32. Qd4+ Kh7 33. Qxd6 1-0